 Dungeon Crawl Stone Soup version 0.25-a0-589-g1e14c549ee (webtiles) character file.

Game seed: 8498363077385296663, levelgen mode: deterministic

2 An17 the Vexing (level 1, 0/7 HPs)
             Began as a Felid Enchanter on Mar 11, 2020.
             Succumbed to a kobold's poison
             ... on level 1 of the Dungeon.
             The game lasted 00:01:14 (54 turns).

An17 the Vexing (Felid Enchanter)                     Turns: 54, Time: 00:01:14

Health: 0/7        AC:  1    Str:  4    XL:     1   Next: 25%
Magic:  3/4        EV: 18    Int: 16    God:
Gold:   8          SH:  0    Dex: 16    Spells: 3/4 levels left
                                        Lives:  0   Deaths: 0

rFire    . . .     SeeInvis +     - Unarmed
rCold    . . .     Gourm    .   (shield unavailable)
rNeg     . . .     Faith    .   (armour unavailable)
rPois    .         Spirit   .   (helmet unavailable)
rElec    .         Reflect  .   (cloak unavailable)
rCorr    .         Harm     .   (gloves unavailable)
MR       .....                  (boots unavailable)
Stlth    +++.......             (no amulet)
HPRegen  0.02/turn              (no ring)
MPRegen  0.09/turn              (no ring)

@: lethally poisoned (0 -> -13), quick
A: very small, no armour, no weapons or thrown items, stealth, claws 1, fangs 3,
see invisible, carnivore, speed 1, shaggy fur 1, slow metabolism 1, sharp paws
a: no special abilities


You were on level 1 of the Dungeon.
You were not hungry.

You visited 1 branch of the dungeon, and saw 1 of its levels.

You collected 8 gold pieces.

Inventory:

Comestibles
 b - 2 rations


   Skills:
 + Level 2.6 Dodging
 + Level 4.1 Stealth
 + Level 1.0 Unarmed Combat
 + Level 2.0 Spellcasting
 + Level 4.4 Hexes


You had 3 spell levels left.
You knew the following spells:

 Your Spells              Type           Power        Failure   Level  Hunger
a - Corona                Hex            ###....      3%          1    #......

Your spell library contained the following spells:

 Spells                   Type           Power        Failure   Level  Hunger
 Confusing Touch          Hex            ###.....     10%         3    ###....
 Tukima's Dance           Hex            ###.....     10%         3    ###....
 Ensorcelled Hibernation  Hex/Ice        #.....       13%         2    ###....
 Dazzling Flash           Conj/Hex       #.....       26%         3    ###....


Dungeon Overview and Level Annotations

Branches:
Dungeon (1/15)

Altars:


Innate Abilities, Weirdness & Mutations

You cannot wear armour.
You are incapable of wielding weapons or throwing items.
Your paws allow you to move quietly. (Stealth)
You have sharp claws.
You have razor-sharp teeth.
You have supernaturally acute eyesight. (SInv)
You are carnivorous and can eat meat at any time.
You cover ground quickly.
You are covered in fur. (AC +1)
You have a slow metabolism.
Your sharp claws are effective at attacking unaware monsters.


Message History

The kobold is moderately wounded.
You feel sick. The kobold closely misses you.
You closely miss the kobold. You bite the kobold, but do no damage.
The kobold is moderately wounded.
The kobold hits you with a +2 dagger of venom.
You are more poisoned.
You scratch the kobold but do no damage.
The kobold is moderately wounded.
You feel sick. The kobold closely misses you.
You barely miss the kobold. You bite the kobold.
You kill the kobold!
You feel sick.
* * * LOW HITPOINT WARNING * * *
You feel sick.
You see here a +2 dagger of venom.
Okay, then.
* * * LOW HITPOINT WARNING * * *
You feel sick.
You see here a +2 dagger of venom.
You die...

#.............
#.......^..#.# .
#.....)....#.# #..
####.........#....
.######.###........##
.........#...........
.######)##...........
#.##....K......
###@###........r.
#.8.8.#........#.
#.....#.......(#
#.....#..........
#.8.8.########...
#.....# ...
##.....########.
#..8.8..'.......
##.....########.


There were no monsters in sight!

Vanquished Creatures
  2 kobolds (D:1)
2 creatures vanquished.

Notes
Turn   | Place    | Note
-------+----------+-------------------------------------------
     0 | D:1      | An17 the Felid Enchanter began the quest for the Orb.
     0 | D:1      | Reached XP level 1. HP: 7/7 MP: 4/4
    54 | D:1      | Succumbed to a kobold's poison

Levels and vault maps discovered:
D:1:      elethiomel_arrival_quiet, layout_basic

Action                   || total
-------------------------++-------
Melee: Unarmed           ||     6
       Bite              ||     2
 Cast: Corona            ||     1
 Stab: Sleeping          ||     1
Dodge: Dodged            ||     3

Table legend:
 A = Non-vault XP
 B = Vault XP
 C = Vault XP percentage of total XP
 D = Non-vault monster count
 E = Vault monster count
 F = Vault count percentage of total count
                 A         B        C        D         E       F
            +---------+---------+-------+---------+---------+-------
      Total |       3 |       0 |   0.0 |       2 |       0 |   0.0
            +---------+---------+-------+---------+---------+-------
        D:1 |       3 |       0 |   0.0 |       2 |       0 |   0.0
            +---------+---------+-------+---------+---------+-------
